General information
- name: BNet
- type: Ladder team game (AT/RT)
- host: Battle.net
- saver: WinRepo
map: TwilightRuins_LV
- players: 8
- length: 40:29
- speed: Fast
- version: 1.29 W3XP
- replay type: Public
» download(312 KB)
Players
team 1 (winner)

»
cutman (
green | 51 APM | 1340 actions | 26:03)
7 Archmage
3 Summon Water Elemental
3 Brilliance Aura
1 Mass Teleport
» actions
| Assign group hotkey | 25 | |
| Basic commands | 154 | |
| Build / train | 96 | |
| Enter build submenu | 45 | |
| Enter hero's abilities submenu | 7 | |
| Remove unit from queue | 1 | |
| Right click | 343 | |
| Select / deselect | 342 | |
| Select group hotkey | 192 | |
| Use ability | 135 | |
1340 total
» units
| Peasant | 24 | |
| Footman | 9 | |
| Gryphon Rider | 7 | |
| Spell Breaker | 2 | |
| Mortar Team | 3 | |
| Dragonhawk Rider | 2 | |
| Siege Engine | 6 | |
53 total
» upgrades
| Defend | 1 | |
| Lumber Harvesting | 2 | |
| Swords | 3 | |
| Armor | 2 | |
| Masonry | 2 | |
| Control Magic | 1 | |
| Fragmentation Shards | 1 | |
| Flare | 1 | |
| Cloud | 1 | |
| Barrage | 1 | |
| Plating | 1 | |
| Gunpowder | 1 | |
17 total
» buildings
| Altar of Kings | 1 | |
| Farm | 11 | |
| Barracks | 1 | |
| Arcane Vault | 2 | |
| Keep | 2 | |
| Lumber Mill | 4 | |
| Blacksmith | 2 | |
| Castle | 2 | |
| Gryphon Aviary | 1 | |
| Town Hall | 3 | |
| Scout Tower | 10 | |
| Guard Tower | 5 | |
| Arcane Tower | 2 | |
| Arcane Sanctum | 2 | |
| Workshop | 3 | |
51 total
» build order
00:15 Altar of Kings
00:17 Farm
00:32 Barracks
00:53 Farm
00:59 Farm
01:27 Arcane Vault
01:32 Arcane Vault
02:36 Keep
02:36 Keep
03:02 Farm
03:35 Lumber Mill
04:29 Farm
04:37 Blacksmith
05:16 Farm
05:19 Castle
05:19 Castle
05:53 Gryphon Aviary
06:43 Town Hall
07:50 Scout Tower
07:52 Scout Tower
08:18 Scout Tower
08:21 Guard Tower
08:22 Scout Tower
09:00 Guard Tower
11:50 Farm
12:34 Farm
13:13 Farm
14:12 Scout Tower
14:15 Lumber Mill
14:23 Scout Tower
14:25 Scout Tower
14:44 Guard Tower
14:45 Scout Tower
14:52 Arcane Tower
14:57 Arcane Tower
15:17 Guard Tower
16:49 Arcane Sanctum
16:53 Arcane Sanctum
17:37 Workshop
17:44 Workshop
18:09 Farm
18:13 Blacksmith
18:16 Scout Tower
18:45 Guard Tower
18:47 Scout Tower
18:49 Farm
19:46 Lumber Mill
21:07 Town Hall
21:25 Workshop
21:28 Lumber Mill
23:35 Town Hall
» items
| Scroll of Regeneration | 4 | |
| Lesser Clarity Potion | 1 | |
5 total
WinRepo (
purple | 49 APM | 1999 actions | 40:29)
5 Mountain King
3 Storm Bolt
2 Thunder Clap
5 Paladin
3 Holy Light
2 Divine Shield
» actions
| Assign group hotkey | 73 | |
| Basic commands | 199 | |
| Build / train | 92 | |
| Enter build submenu | 42 | |
| Enter hero's abilities submenu | 10 | |
| Give item / drop item | 16 | |
| Right click | 651 | |
| Select / deselect | 477 | |
| Select group hotkey | 297 | |
| Use ability | 141 | |
1999 total
» units
| Peasant | 12 | |
| Footman | 4 | |
| Goblin Shredder | 1 | |
| Gryphon Rider | 9 | |
| Goblin Zeppelin | 2 | |
| Goblin Sapper | 11 | |
39 total
» upgrades
| Masonry | 2 | |
| Swords | 3 | |
| Armor | 3 | |
| Storm Hammers | 1 | |
| Animal War Training | 1 | |
| Cloud | 1 | |
11 total
» buildings
| Altar of Kings | 1 | |
| Barracks | 1 | |
| Farm | 9 | |
| Scout Tower | 27 | |
| Arcane Tower | 2 | |
| Arcane Vault | 1 | |
| Keep | 1 | |
| Lumber Mill | 1 | |
| Town Hall | 2 | |
| Guard Tower | 7 | |
| Castle | 1 | |
| Gryphon Aviary | 4 | |
| Blacksmith | 2 | |
59 total
» build order
00:47 Altar of Kings
00:49 Barracks
00:51 Farm
00:51 Farm
01:04 Farm
01:47 Scout Tower
02:15 Arcane Tower
02:19 Scout Tower
03:08 Arcane Vault
03:10 Arcane Tower
04:24 Keep
04:35 Lumber Mill
04:45 Town Hall
04:47 Scout Tower
04:48 Scout Tower
04:49 Scout Tower
04:52 Scout Tower
06:01 Guard Tower
06:03 Guard Tower
07:14 Castle
07:23 Scout Tower
07:24 Scout Tower
07:25 Scout Tower
07:26 Scout Tower
08:52 Guard Tower
08:54 Gryphon Aviary
08:54 Gryphon Aviary
08:55 Gryphon Aviary
08:56 Gryphon Aviary
08:58 Blacksmith
09:02 Blacksmith
09:04 Farm
09:06 Farm
10:52 Farm
10:52 Farm
10:52 Farm
10:53 Farm
13:52 Town Hall
13:54 Scout Tower
13:55 Scout Tower
13:55 Scout Tower
13:56 Scout Tower
16:28 Scout Tower
16:29 Scout Tower
16:29 Scout Tower
16:31 Scout Tower
16:31 Scout Tower
16:34 Scout Tower
16:34 Scout Tower
16:35 Scout Tower
16:36 Scout Tower
16:37 Scout Tower
18:53 Guard Tower
18:57 Guard Tower
20:24 Guard Tower
20:29 Guard Tower
» items
| Scroll of Regeneration | 4 | |
| Mechanical Critter | 2 | |
| Lesser Clarity Potion | 1 | |
| Boots of Speed | 2 | |
| Periapt of Vitality | 1 | |
| Pendant of Energy | 1 | |
| Legion Doom-Horn | 1 | |
| Ancient Janggo of Endurance | 1 | |
| Staff of Teleportation | 2 | |
| Cloak of Flames | 1 | |
| Ring of Protection +3 | 1 | |
| Potion of Invulnerability | 1 | |
| Potion of Greater Mana | 1 | |
19 total
yng (
blue | 46 APM | 1880 actions | 40:26)
6 Death Knight
3 Death Coil
3 Unholy Aura
1 Lich
1 Frost Nova
» actions
| Assign group hotkey | 29 | |
| Build / train | 57 | |
| Enter build submenu | 17 | |
| Enter hero's abilities submenu | 7 | |
| Give item / drop item | 2 | |
| Remove unit from queue | 1 | |
| Right click | 933 | |
| Select / deselect | 444 | |
| Select group hotkey | 313 | |
| Use ability | 75 | |
1880 total
» units
| Acolyte | 17 | |
| Ghoul | 2 | |
| Crypt Fiend | 12 | |
31 total
» upgrades
| Creature Carapace | 2 | |
| Creature Attack | 2 | |
| Burrow | 1 | |
5 total
» buildings
| Crypt | 2 | |
| Graveyard | 1 | |
| Ziggurat | 6 | |
| Altar of Darkness | 1 | |
| Tomb of Relics | 1 | |
| Nerubian Tower | 1 | |
| Halls of the Dead | 2 | |
| Spirit Tower | 1 | |
| Necropolis | 1 | |
16 total
» build order
00:08 Crypt
00:15 Graveyard
00:40 Ziggurat
01:03 Altar of Darkness
01:39 Tomb of Relics
02:03 Ziggurat
04:40 Ziggurat
04:41 Nerubian Tower
06:21 Ziggurat
07:31 Halls of the Dead
07:44 Ziggurat
07:46 Spirit Tower
09:32 Necropolis
12:14 Crypt
12:30 Halls of the Dead
13:32 Ziggurat
14:03 Spirit Tower
» items
| Rod of Necromancy | 2 | |
| Potion of Healing | 3 | |
| Scroll of Regeneration | 1 | |
| Scroll of Town Portal | 1 | |
7 total

»
Krucifor (
orange | 52 APM | 1243 actions | 24:01)
6 Demon Hunter
3 Immolation
1 Evasion
1 Mana Burn
1 Metamorphosis
4 Priestess of the Moon
2 Searing Arrows
2 Trueshot Aura
» actions
| Assign group hotkey | 18 | |
| Basic commands | 112 | |
| Build / train | 67 | |
| Enter build submenu | 29 | |
| Enter hero's abilities submenu | 11 | |
| Give item / drop item | 5 | |
| Remove unit from queue | 1 | |
| Right click | 434 | |
| Select / deselect | 247 | |
| Select group hotkey | 277 | |
| Use ability | 41 | |
1243 total
» units
| Wisp | 17 | |
| Archer | 6 | |
| Huntress | 4 | |
| Hippogryph | 8 | |
| Chimaera | 8 | |
43 total
» upgrades
| Strength of the Wild | 2 | |
| Reinforced Hides | 1 | |
| Improved Bows | 1 | |
| Hippogryph Taming | 1 | |
| Corrosive Breath | 1 | |
| Marksmanship | 1 | |
| Well Spring | 1 | |
8 total
» buildings
| Altar of Elders | 1 | |
| Moon Well | 10 | |
| Ancient of War | 2 | |
| Ancient of Wonders | 1 | |
| Hunter's Hall | 1 | |
| Tree of Ages | 1 | |
| Tree of Life | 3 | |
| Ancient of Wind | 1 | |
| Tree of Eternity | 1 | |
| Chimaera Roost | 4 | |
25 total
» build order
00:19 Altar of Elders
00:22 Moon Well
00:26 Moon Well
01:18 Ancient of War
01:27 Moon Well
02:01 Ancient of Wonders
02:22 Hunter's Hall
02:51 Ancient of War
03:16 Moon Well
04:35 Tree of Ages
05:07 Moon Well
06:23 Tree of Life
06:30 Tree of Life
07:18 Ancient of Wind
07:20 Tree of Eternity
07:37 Moon Well
10:14 Chimaera Roost
10:17 Chimaera Roost
10:26 Chimaera Roost
10:33 Chimaera Roost
13:22 Moon Well
14:03 Moon Well
14:08 Moon Well
14:12 Moon Well
20:38 Tree of Life
team 2 (loser)

»
Dharma (
pink | 0 APM | 0 actions | 00:01)

»
akazebu17 (
yellow | 108 APM | 1186 actions | 10:58)
2 Shadow Hunter
1 Hex
1 Healing Wave
3 Dark Ranger
2 Black Arrow
1 Silence
» actions
| Assign group hotkey | 27 | |
| Basic commands | 73 | |
| Build / train | 65 | |
| ESC pressed | 13 | |
| Enter build submenu | 21 | |
| Enter hero's abilities submenu | 5 | |
| Give item / drop item | 1 | |
| Right click | 480 | |
| Select / deselect | 230 | |
| Select group hotkey | 221 | |
| Use ability | 50 | |
1186 total
» units
| Acolyte | 5 | |
| Peon | 12 | |
| Ghoul | 6 | |
| Crypt Fiend | 15 | |
| Grunt | 11 | |
49 total
» upgrades
| Creature Attack | 1 | |
| Creature Carapace | 1 | |
2 total
» buildings
| Graveyard | 1 | |
| Crypt | 2 | |
| Altar of Storms | 1 | |
| Altar of Darkness | 2 | |
| Ziggurat | 4 | |
| Orc Burrow | 4 | |
| Barracks | 2 | |
| Tomb of Relics | 1 | |
| Halls of the Dead | 1 | |
| Stronghold | 2 | |
| Voodoo Lounge | 1 | |
| War Mill | 1 | |
22 total
» build order
00:21 Graveyard
00:30 Crypt
00:42 Altar of Storms
00:48 Altar of Darkness
00:52 Altar of Darkness
00:58 Ziggurat
01:07 Orc Burrow
01:14 Barracks
01:45 Ziggurat
01:52 Tomb of Relics
02:22 Orc Burrow
02:58 Crypt
03:12 Barracks
03:16 Orc Burrow
04:36 Ziggurat
05:01 Orc Burrow
06:37 Halls of the Dead
06:44 Stronghold
06:45 Stronghold
06:47 Voodoo Lounge
07:03 Ziggurat
07:49 War Mill
» items
911111111111112 (
teal | 95 APM | 3838 actions | 40:26)
8 Archmage
2 Summon Water Elemental
3 Brilliance Aura
2 Blizzard
1 Mass Teleport
6 Blood Mage
3 Flame Strike
2 Banish
1 Summon Phoenix
» actions
| Assign group hotkey | 88 | |
| Basic commands | 203 | |
| Build / train | 163 | |
| ESC pressed | 7 | |
| Enter build submenu | 78 | |
| Enter hero's abilities submenu | 13 | |
| Give item / drop item | 12 | |
| Right click | 1001 | |
| Select / deselect | 769 | |
| Select group hotkey | 1137 | |
| Use ability | 367 | |
3838 total
» units
| Peasant | 13 | |
| Footman | 5 | |
| Goblin Shredder | 1 | |
| Sorceress | 7 | |
| Rifleman | 6 | |
| Gryphon Rider | 2 | |
| Priest | 3 | |
| Dragonhawk Rider | 6 | |
43 total
» upgrades
| Masonry | 3 | |
| Gunpowder | 4 | |
| Armor | 3 | |
| Long Rifles | 1 | |
| Sorceress Training | 2 | |
| Priest Training | 2 | |
| Swords | 3 | |
| Animal War Training | 1 | |
| Spiked Barricades | 1 | |
| Storm Hammers | 1 | |
| Plating | 3 | |
| Lumber Harvesting | 1 | |
| Magic Sentry | 1 | |
| Defend | 1 | |
| Control Magic | 1 | |
| Cloud | 1 | |
29 total
» buildings
| Altar of Kings | 2 | |
| Barracks | 1 | |
| Farm | 12 | |
| Arcane Vault | 2 | |
| Keep | 2 | |
| Town Hall | 4 | |
| Scout Tower | 33 | |
| Arcane Tower | 4 | |
| Lumber Mill | 1 | |
| Blacksmith | 1 | |
| Guard Tower | 26 | |
| Arcane Sanctum | 2 | |
| Castle | 2 | |
| Gryphon Aviary | 2 | |
| Fortress | 2 | |
| Watch Tower | 10 | |
106 total
» build order
00:46 Altar of Kings
00:49 Barracks
00:55 Farm
01:03 Farm
01:07 Farm
01:52 Arcane Vault
02:16 Farm
03:49 Keep
03:49 Keep
04:10 Town Hall
04:12 Scout Tower
04:30 Farm
05:05 Arcane Tower
05:20 Lumber Mill
05:56 Blacksmith
06:03 Scout Tower
06:03 Scout Tower
06:04 Scout Tower
06:05 Scout Tower
06:31 Guard Tower
06:32 Guard Tower
06:33 Guard Tower
06:37 Guard Tower
06:37 Guard Tower
06:43 Guard Tower
06:58 Arcane Sanctum
07:36 Castle
07:36 Castle
07:39 Scout Tower
07:42 Scout Tower
08:01 Gryphon Aviary
08:03 Gryphon Aviary
08:15 Arcane Tower
08:16 Guard Tower
10:27 Arcane Sanctum
10:59 Scout Tower
11:03 Scout Tower
11:07 Scout Tower
11:08 Scout Tower
11:28 Farm
11:29 Farm
11:30 Guard Tower
11:30 Guard Tower
11:50 Guard Tower
11:50 Guard Tower
12:17 Scout Tower
12:17 Scout Tower
12:22 Scout Tower
12:24 Scout Tower
12:57 Guard Tower
12:57 Guard Tower
13:26 Scout Tower
13:27 Scout Tower
13:30 Scout Tower
13:41 Guard Tower
13:41 Guard Tower
14:09 Farm
14:16 Farm
15:08 Fortress
15:08 Fortress
15:09 Watch Tower
15:10 Watch Tower
15:11 Watch Tower
15:13 Watch Tower
15:15 Watch Tower
15:16 Watch Tower
15:17 Watch Tower
15:18 Watch Tower
15:19 Watch Tower
15:22 Watch Tower
17:15 Scout Tower
17:15 Scout Tower
17:18 Scout Tower
17:31 Farm
17:34 Guard Tower
17:55 Guard Tower
17:55 Guard Tower
20:46 Farm
20:47 Farm
22:57 Altar of Kings
23:15 Town Hall
26:35 Scout Tower
26:59 Scout Tower
26:59 Scout Tower
27:00 Scout Tower
27:02 Scout Tower
27:04 Arcane Tower
27:29 Guard Tower
27:29 Guard Tower
27:30 Guard Tower
27:30 Guard Tower
28:00 Guard Tower
28:01 Guard Tower
29:49 Town Hall
29:51 Scout Tower
29:52 Scout Tower
30:41 Arcane Tower
30:42 Guard Tower
30:42 Guard Tower
32:40 Arcane Vault
39:19 Scout Tower
39:21 Scout Tower
39:22 Scout Tower
40:19 Town Hall
40:21 Scout Tower
40:22 Scout Tower
» items
| Scroll of Regeneration | 3 | |
| Mechanical Critter | 3 | |
| Potion of Healing | 2 | |
| Lesser Clarity Potion | 2 | |
| Potion of Mana | 1 | |
| Staff of Sanctuary | 1 | |
| Staff of Teleportation | 2 | |
| Potion of Invisibility | 3 | |
| Tome of Retraining | 1 | |
| Scroll of Town Portal | 1 | |
| Pendant of Energy | 1 | |
| Legion Doom-Horn | 1 | |
| Cloak of Flames | 1 | |
| Warsong Battle Drums | 1 | |
23 total
Doradox (
red | 30 APM | 345 actions | 11:21)
3 Demon Hunter
2 Evasion
1 Immolation
» actions
| Basic commands | 2 | |
| Build / train | 31 | |
| Enter build submenu | 8 | |
| Enter hero's abilities submenu | 3 | |
| Right click | 175 | |
| Select / deselect | 104 | |
| Use ability | 22 | |
345 total
» units
| Wisp | 7 | |
| Archer | 14 | |
| Goblin Zeppelin | 1 | |
22 total
» upgrades
| Strength of the Moon | 1 | |
| Moon Armor | 1 | |
| Ultravision | 1 | |
3 total
» buildings
| Altar of Elders | 1 | |
| Hunter's Hall | 1 | |
| Moon Well | 6 | |
| Ancient of War | 1 | |
| Tree of Ages | 1 | |
10 total
» build order
00:08 Altar of Elders
00:36 Hunter's Hall
01:34 Moon Well
02:02 Moon Well
02:25 Ancient of War
02:59 Moon Well
06:05 Tree of Ages
06:45 Moon Well
06:47 Moon Well
06:49 Moon Well
Chat log
(09:21 / Allies) WinRepo: oh shit
(09:23 / Allies) WinRepo: did they sapper you?
(09:49 / Allies) Krucifor: b
(10:57 / All) akazebu17: gg afk
(11:42 / Allies) yng: 1.2k on dk
(11:42 / Allies) yng: xD
(12:19 / Allies) yng: some gold?
(12:31 / Allies) yng: ty
(17:22 / Allies) yng: just come
(17:25 / Allies) yng: finish teal
(17:55 / Allies) yng: green gold
(18:45 / Allies) WinRepo: wood?
(19:19 / Allies) Krucifor: lmaoi wtf
(20:40 / Allies) yng: why would kill ur teammates entertain u
(20:46 / Allies) WinRepo: Precisely
(20:56 / Allies) yng: ?
(22:55 / Allies) yng: is there a reason
(22:59 / Allies) yng: or just full retard?
(23:07 / All) WinRepo: The life of a repo man is always intense
(23:23 / Allies) yng: hows that?
(23:41 / Allies) WinRepo: Intense. The life of a repo man is always intense
(24:11 / Allies) cutman: wtf are you doing doing jackass?
(24:23 / Allies) WinRepo: Repoing a win
(25:10 / All) 911111111111112: tank noob
(25:12 / All) 911111111111112: amove more
(25:13 / All) 911111111111112: I win
(25:14 / All) 911111111111112: leave
(26:19 / All) 911111111111112: ou tblue
(26:21 / All) 911111111111112: give me my win
(29:30 / All) 911111111111112: Leave blue
(29:32 / All) 911111111111112: stop being selfish
(29:34 / All) 911111111111112: I earned this win
(29:59 / All) yng: hows that?
(30:03 / All) yng: u rushed me
(30:04 / All) yng: and lost
(30:06 / All) WinRepo: Blue is seriously inconsiderate
(30:12 / All) 911111111111112: I rushed you and raped your hall and base with my allies
(30:16 / All) 911111111111112: then I raped you and won the game
(30:19 / All) 911111111111112: raped your mine with just heroes
(30:24 / All) 911111111111112: rape rape rape give me my win
(30:28 / All) yng: is this 1v1 game?
(30:29 / All) WinRepo: Why are you making us waste our time repossessing oyur win when you could just leave and save us all some time
(30:32 / All) 911111111111112: do you need rape counselling support blue?
(30:39 / All) 911111111111112: I can find you a number if you want
(30:39 / All) yng: nah bro
(30:46 / All) yng: just wahtcing an serie
(30:49 / All) yng: while u at i
(30:50 / All) yng: it
(30:54 / All) 911111111111112: then leave and get over it, you lost
(31:22 / All) 911111111111112: what series
(31:29 / All) yng: attack on titan
(33:04 / All) 911111111111112: if you aoe the walls by the expos that are part of the terrain it shows them as green for some reason
(33:07 / All) 911111111111112: but you can't destroy them
(33:11 / All) yng: gg guys
(33:23 / All) WinRepo: mk pally vs ur army?
(33:23 / All) 911111111111112: gg give me my win
(33:30 / All) 911111111111112: k
(33:34 / All) 911111111111112: mid
(34:18 / All) 911111111111112: mid
(34:20 / All) WinRepo: coming
(35:52 / All) WinRepo: need level 6 lol
(35:58 / All) 911111111111112: yeah lol
(36:03 / All) 911111111111112: that would've gone way better with avatar
(36:05 / All) 911111111111112: For magic immune
(36:06 / All) WinRepo: your team left before I could get it
(36:09 / All) WinRepo: yeah
(36:11 / All) 911111111111112: good invul pot use
(36:14 / All) 911111111111112: almost got my heroes
(36:21 / All) yng: complex play
(36:22 / All) yng: indeed
(36:29 / All) 911111111111112: didn't say it was complex noob
(36:41 / All) WinRepo: you can buy 300 mana uitems now
(36:41 / All) yng: bro chill
(36:45 / All) WinRepo: so you can get clap instead of bash
(36:46 / All) yng: why u so aggro
(36:50 / All) WinRepo: and spam both clap and bolt
(36:52 / All) 911111111111112: I'm chill, why are you sitting here so mad you're insulting our play for no reason
(36:57 / All) 911111111111112: get over it son, you lost
(37:00 / All) yng: it wasnt a good play
(37:03 / All) yng: it was a normal play
(37:07 / All) yng: not insulting
(37:18 / All) yng: this acc has 3 games
(37:18 / All) 911111111111112: if you play as you should it's good play
(37:21 / All) yng: what is a lost xD
(37:21 / All) 911111111111112: I don't see your point
(37:23 / All) 911111111111112: it's semantics
(37:58 / All) 911111111111112: you can buy 300 mana items here now?
(38:02 / All) 911111111111112: just seen pendants of energy
(38:07 / All) WinRepo: I was gonna buy cloak of flames earlier but it disappeared before I bought it
(38:13 / All) WinRepo: yeah pendant of mana
(38:16 / All) 911111111111112: wow
(38:18 / All) WinRepo: not sure if you can on this map
(38:24 / All) 911111111111112: on deadlock you can?
(38:25 / All) WinRepo: but you can on the one map
(38:27 / All) 911111111111112: or another map
(38:33 / All) WinRepo: with the tauren homeland tileset
(38:37 / All) 911111111111112: jesus
(38:45 / All) WinRepo: the the "naturals" that everyone fights over
(38:46 / All) 911111111111112: that's rigged lol
(38:59 / All) 911111111111112: I thought it was OP you could get aura items and cloak of flames from shop on this map
(39:04 / All) 911111111111112: let alone pendant of mana
(39:04 / All) WinRepo: I bought it for my pally when I went pally only
(39:12 / All) 911111111111112: that means yo ucan get amulet of spellshield and staff of silence too on that map
(39:14 / All) WinRepo: ingrate teammates talked shit to me but I kept their shitty NE heroes alive
(39:25 / All) WinRepo: yeah
(39:28 / All) WinRepo: I had that one
(39:32 / All) WinRepo: that blocks a spell every 45 seconds
(39:41 / All) WinRepo: I think it blocked a bash
(39:43 / All) 911111111111112: ridiculous
(39:49 / All) WinRepo: I'm not sure how it works
(39:51 / All) 911111111111112: end the game?
(39:56 / All) WinRepo: if bolt just reflects off you or htey don't go through the motion
(40:04 / All) WinRepo: beacuse the mk didn't lose mana
(40:13 / All) WinRepo: so I assume itw as a bash it blocked which is a waste
(40:14 / All) WinRepo: Yeah